AoeStats
← 76896859

Arabia

509913603Analyzed
1v1 RM · 5d ago on Sep 28, 2026· 35m 27s· 2 players
Game mode
Random Map
Map size
Tiny (2 player)
Population
200
Speed
Normal
Resources
Standard
Victory
Conquest
Starting age
Dark Age
Ending age
Imperial Age
RankedLock teamsTeams togetherTeam positionsShared explorationLock speedFull tech treeHidden civsTurbo modeCheats
Victory
Defeat
🇨🇳 Huns · China
1059
+14
🇫🇷 Varangians · France
1022
-14
76896859
3:23 Loom
9:29 Feudal Age
10:09 Double-Bit Axe
12:54 Horse Collar
16:24 Wheelbarrow
20:05 Fletching
23:54 Castle Age
22:21 Gold Mining
24:00 Bloodlines
23:57 Scale Barding Armor
24:03 Forging
25:37 Heavy Plow
26:01 Town Watch
26:56 Bow Saw
28:44 Chain Barding Armor
29:25 Hand Cart
33:34 Iron Casting
33:45 Husbandry
Zboob le dur
9:37 Feudal Age
9:57 Man-at-Arms
10:45 Loom
19:05 Double-Bit Axe
22:56 Bloodlines
27:49 Castle Age
25:59 Horse Collar
27:28 Wheelbarrow
26:39 Town Watch
28:53 Husbandry
30:12 Bow Saw
29:40 Pikeman
30:39 Forging
30:39 Light Cavalry
31:28 Fletching
31:45 Scale Barding Armor
32:16 Heavy Plow
34:10 Hand Cart
34:37 Gambesons
34:53 Squires
34:38 Arson
35:43 Scale Mail Armor
Connection lost

Rejoining the realm…

Still unreachable

The connection could not be restored.

Session expired

The server has moved on; the page needs a fresh start.